 Dungeon Crawl Stone Soup version 0.29.0-11-gd7f09526c8 (webtiles) character file.

Game seed: 5595877284693299268

12577 leavemydog the Thaumaturge (level 11, -12/54 HPs)
             Began as a Deep Elf Conjurer on Sept 6, 2022.
             Was a Priest of Vehumet.
             Mangled by a boulder beetle (34 damage)
             ... on level 11 of the Dungeon.
             The game lasted 00:27:18 (10888 turns).

leavemydog the Thaumaturge (Deep Elf Conjurer)     Turns: 10888, Time: 00:27:19

Health: -12/54     AC:  8    Str:  4    XL:     11   Next: 64%
Magic:  19/31      EV: 12    Int: 28    God:    Vehumet [***...]
Gold:   539        SH:  0    Dex: 13    Spells: 22/39 levels left

rFire   . . .      SeeInvis .   t - +1 dagger (venom)
rCold   . . .      Faith    .   (no shield)
rNeg    . . .      Spirit   .   J - +0 steam dragon scales
rPois   .          Reflect  .   (no helmet)
rElec   .          Harm     .   H - +0 cloak
rCorr   .          Rampage  .   i - +0 pair of gloves
Will    ++...                   D - +0 pair of boots
Stlth   ++........              I - amulet of magic regeneration
HPRegen 0.18/turn               y - ring of wizardry
MPRegen 0.62/turn               F - ring of willpower

@: no status effects
A: no striking features
a: Renounce Religion


You were on level 11 of the Dungeon.
You worshipped Vehumet.
Vehumet was most pleased with you.
You visited 2 branches of the dungeon, and saw 12 of its levels.

You collected 539 gold pieces.

Inventory:

Hand Weapons
 t - a +1 dagger of venom (weapon)
Armour
 i - a +0 pair of gloves (worn)
 D - a +0 pair of boots (worn)
 H - a +0 cloak (worn)
 J - +0 steam dragon scales (worn)
Magical Staves
 d - a staff of cold
 E - a staff of fire
Jewellery
 y - a ring of wizardry (left hand)
 F - a ring of willpower (right hand)
 I - an amulet of magic regeneration (around neck)
Wands
 a - a wand of quicksilver (2)
 l - a wand of flame (26)
 r - a wand of roots (21)
 G - a wand of polymorph (1)
Scrolls
 e - 3 scrolls of noise
 f - 2 scrolls of silence
 h - 3 scrolls of immolation
 j - 2 scrolls of blinking
 n - 3 scrolls of poison
 p - 7 scrolls of teleportation
 u - 2 scrolls of torment
 v - 3 scrolls of summoning
 x - a scroll of fear {unknown}
 z - 2 scrolls of magic mapping {unknown}
 L - a scroll of fog {unknown}
 O - a scroll of vulnerability {unknown}
Potions
 b - a potion of magic
 c - 3 potions of brilliance
 g - 4 potions of heal wounds
 k - 2 potions of curing
 m - a potion of berserk rage
 o - 2 potions of ambrosia
 q - a potion of mutation {unknown}
 s - 2 potions of resistance {unknown}
 w - 2 potions of degeneration {unknown}
 A - a potion of flight {unknown}
 B - 4 potions of lignification {unknown}
 C - a potion of invisibility {unknown}
 M - a potion of might {unknown}
Miscellaneous
 K - a phial of floods
 N - a condenser vane


   Skills:
 - Level 2.4 Dodging
 - Level 2.4 Stealth
 + Level 14.7 Spellcasting
 + Level 13.2 Conjurations
 - Level 3.6 Hexes
 + Level 7.5 Translocations
 * Level 6.6 Earth Magic


You had 22 spell levels left.
You knew the following spells:

 Your Spells              Type           Power      Damage    Failure   Level
a - Magic Dart            Conj           100%       1d8       0%          1
b - Searing Ray           Conj           100%       2d8       0%          2
c - Iskenderun's Mystic   Conj/Tloc      68%        2d14      1%          4
d - Fulminant Prism       Conj/Hex       30%        3d16      1%          4
e - Iron Shot             Conj/Erth      33%        9d7       1%          6

Your spell library contained the following spells:

 Spells                   Type           Power      Damage    Failure   Level
 Static Discharge         Conj/Air       55%        3-10/arc  1%          2
 Apportation              Tloc           100%       N/A       1%          1
 Sting                    Tmut/Pois      80%        1d7       1%          1
 Blink                    Tloc           100%       N/A       1%          2
 Call Imp                 Summ           20%        N/A       1%          2
 Poisonous Vapours        Pois/Air       40%        N/A       1%          2
 Dazzling Flash           Conj/Hex       100%       N/A       1%          3
 Lesser Beckoning         Tloc           58%        N/A       1%          3
 Mephitic Cloud           Conj/Pois/Air  45%        N/A       1%          3
 Passage of Golubria      Tloc           58%        N/A       1%          4
 Manifold Assault         Tloc           58%        N/A       1%          5
 Animate Armour           Summ/Erth      78%        N/A       2%          4
 Olgreb's Toxic Radiance  Pois           20%        N/A       3%          4
 Silence                  Hex/Air        15%        N/A       13%         5
 Alistair's Intoxication  Tmut/Pois      13%        N/A       26%         5
 Blade Hands              Tmut           10%        N/A       26%         5
 Lehudib's Crystal Spear  Conj/Erth      33%        10d8      26%         8


Dungeon Overview and Level Annotations

Branches:
Dungeon (11/15)            Temple (1/1) D:6            Lair (0/5) D:9
    Orc (0/2) D:10

Altars:
Ashenzari
Cheibriados
Dithmenos
Elyvilon
Fedhas
Gozag
Hepliaklqana
Kikubaaqudgha
Makhleb
Nemelex Xobeh
Okawaru
Qazlal
Ru
Sif Muna
Trog
Uskayaw
Vehumet
Wu Jian
Xom
Yredelemnul
Zin
The Shining One

Shops:
D:4 (*   D:5 *

Annotations:
D:5 2 runed translucent doors, raistware's ghost, novice OpCj


Message History

Confirm with . or Enter, or press ? or * to list all spells.
Aiming: Searing Ray (safe; 0% risk of failure)
Press: ? - help, Shift-Dir - straight line, f/p - vampire
Aim: a vampire, quivering stones (heavily damaged, 83% to hit)
The searing ray hits the vampire.
The vampire is severely damaged. (Press . to maintain the ray.)
The vampire casts a spell.
The vampire flickers and vanishes!
Deactivating autopickup; reactivate with Ctrl-A.
The searing ray hits something!
A stone appears from out of thin air!
The stone hits you!
The searing ray hits something but does no damage.
The searing ray hits something but does no damage.
You finish channelling your searing ray.
Something hits you! Something bites you but does no damage.
A stone appears from out of thin air!
The stone hits you but does no damage.
A stone appears from out of thin air!
The stone hits you!
The boulder beetle curls into a ball and begins rolling!
Casting: Searing Ray (safe; 0% risk of failure)
Confirm with . or Enter, or press ? or * to list all spells.
Okay, then.
Casting: Searing Ray (safe; 0% risk of failure)
Confirm with . or Enter, or press ? or * to list all spells.
Aiming: Iron Shot (dangerous; 1% risk of failure)
Press: ? - help, Shift-Dir - straight line, f - boulder beetle
Aim: a boulder beetle (rolling, 100% to hit)
The iron shot hits the boulder beetle!
The boulder beetle is moderately wounded.
Casting: Iron Shot (dangerous; 1% risk of failure)
Confirm with . or Enter, or press ? or * to list all spells.
You erupt in a blast of force!
The mystic blast hits the boulder beetle but does no damage.
The boulder beetle is lightly wounded.
The mystic blast hits something!
Vehumet accepts your kill.
Reactivating autopickup.
You feel a bit more experienced. The boulder beetle hits you!!
Ouch! That really hurt!
You die...

....###...#.####.#.###..####.#
###.........####.............# #
.....##.#.#.#...........###..#.#
(##..##.#.#.###.................
.....##.#.#.###..#.###........
........................>##.##..
.##.......#.###..#####..........
.###.####........# #.#.#####.
.....## ###.###.@# #.#.# ......#
#.# #.B#####.#.#####..#
.##.#.####### #○(...............#
...........####.°#...#.#.........
.##.#...........°#...#.#.#####..#
.##..............#...#.#.# #
......#..#.###...#...#.#.######.#
.##...#..#.# #...#...#...........
.##...#..#.# #..°#...#...........


You could see a boulder beetle (rolling).

Vanquished Creatures
  A hydra (D:11)
  4 two-headed ogres
  Erica (D:8)
  A skeletal warrior (D:9)
  3 trolls
  A hornet (D:9)
  19 yaks
  4 wraiths
  A vampire (D:11)
  3 shadows (D:10)
  A wyvern (D:9)
  Menkaure (D:5)
  A steam dragon (D:8)
  A water moccasin (D:5)
  2 sky beasts
  2 ice beasts
  4 orc warriors
  A black bear (D:4)
  2 ogres (D:5)
  A wolf (D:9)
  4 phantoms
  A kobold brigand (D:9)
  3 bullfrogs
  3 scorpions
  A necrophage (D:5)
  10 killer bees
  A troll zombie (D:10)
  A howler monkey (D:6)
  An electric eel (D:9)
  4 crimson imps (D:10)
  5 hounds
  A jelly (D:7)
  4 orc priests
  Crazy Yiuf (D:7)
  4 iguanas
  Ijyb (D:3)
  6 orc wizards
  5 ogre zombies (D:10)
  2 adders
  3 gnolls (D:6)
  An ufetubus (D:5)
  3 worms
  18 orcs
  8 ball pythons
  4 endoplasms
  6 giant cockroaches
  9 goblins
  16 hobgoblins
  6 kobolds
  4 quokkas
  7 bats
  3 frilled lizards
  A goblin skeleton (D:10)
  2 goblin zombies (D:10)
  3 hobgoblin skeletons (D:10)
  A hobgoblin zombie (D:10)
  12 orc zombies (D:10)
  3 rats (D:2)
222 creatures vanquished.

Vanquished Creatures (others)
  25 fulminant prisms
  5 plants (D:9)
30 creatures vanquished.

Grand Total: 252 creatures vanquished

Notes
Turn   | Place    | Note
-------+----------+-------------------------------------------
     0 | D:1      | leavemydog the Deep Elf Conjurer began the quest for the
                  | Orb.
     0 | D:1      | Reached XP level 1. HP: 10/10 MP: 6/6
   153 | D:1      | Reached XP level 2. HP: 15/15 MP: 4/8
   156 | D:1      | Learned a level 2 spell: Searing Ray
   336 | D:1      | Reached skill level 5 in Conjurations
   690 | D:1      | Found a faded altar of an unknown god.
   827 | D:2      | Reached XP level 3. HP: 19/19 MP: 7/9
  1852 | D:3      | Noticed a phantom
  1887 | D:3      | Killed a phantom
  1888 | D:3      | Reached skill level 4 in Spellcasting
  1888 | D:3      | Reached XP level 4. HP: 10/24 MP: 0/12
  1933 | D:3      | Reached XP level 5. HP: 16/28 MP: 1/13
  1938 | D:3      | Learned a level 4 spell: Iskenderun's Mystic Blast
  2274 | D:3      | Found a burning altar of Makhleb.
  2441 | D:3      | Noticed Ijyb
  2448 | D:3      | Killed Ijyb
  2978 | D:4      | Found Natelytt's Assorted Antiques.
  3060 | D:4      | Found Ofistr Zaace's Antique Weapon Emporium.
  3070 | D:4      | Noticed a black bear
  3086 | D:4      | Killed a black bear
  3087 | D:4      | Reached skill level 5 in Spellcasting
  3087 | D:4      | Reached skill level 1 in Translocations
  3087 | D:4      | Reached XP level 6. HP: 32/32 MP: 10/16
  3165 | D:4      | You fall into a shaft and drop 2 floors!
  3203 | D:5      | Entered Level 5 of the Dungeon
  3203 | D:5      | Noticed a troll
  3203 | D:5      | Noticed a water moccasin
  3233 | D:6      | Noticed a yak
  3233 | D:6      | Noticed a yak
  3237 | D:6      | Noticed a yak
  3238 | D:6      | Noticed a yak
  3239 | D:6      | Killed a yak
  3240 | D:6      | Reached skill level 6 in Spellcasting
  3240 | D:6      | Reached XP level 7. HP: 24/36 MP: 8/18
  3241 | D:6      | Killed a yak
  3245 | D:6      | Killed a yak
  3245 | D:6      | Killed a yak
  3246 | D:6      | Reached skill level 7 in Spellcasting
  3291 | D:6      | Reached XP level 8. HP: 35/41 MP: 3/21
  3546 | D:6      | Found a staircase to the Ecumenical Temple.
  3551 | Temple   | Entered the Ecumenical Temple
  3596 | Temple   | Became a worshipper of Vehumet
  3664 | D:5      | Learned a level 4 spell: Fulminant Prism
  3669 | D:5      | Found an ancient bone altar of Kikubaaqudgha.
  3723 | D:5      | Killed a troll
  3724 | D:5      | Reached skill level 8 in Spellcasting
  3724 | D:5      | Reached skill level 1 in Hexes
  3981 | D:5      | Reached skill level 9 in Spellcasting
  3987 | D:5      | Noticed Menkaure
  3994 | D:5      | Killed Menkaure
  4148 | D:5      | Found a runed translucent door.
  4153 | D:5      | Noticed raistware's ghost (novice OpCj)
  4215 | D:5      | Found a runed translucent door.
  4285 | D:5      | Found an iron altar of Okawaru.
  4433 | D:5      | Found a shimmering blue altar of Sif Muna.
  4596 | D:5      | Found Yreinuge's General Store.
  4653 | D:5      | Reached XP level 9. HP: 38/45 MP: 16/24
  4701 | D:5      | Learned a level 6 spell: Iron Shot
  5160 | D:7      | Reached skill level 5 in Translocations
  5212 | D:7      | Reached skill level 10 in Spellcasting
  5212 | D:7      | Reached skill level 1 in Earth Magic
  5221 | D:7      | Reached * piety under Vehumet
  5221 | D:7      | Offered knowledge of Freeze by Vehumet.
  5291 | D:7      | Reached skill level 10 in Conjurations
  5492 | D:7      | Found a white marble altar of Elyvilon.
  5804 | D:7      | Found a shadowy altar of Dithmenos.
  5889 | D:7      | Found a runed translucent door.
  5890 | D:7      | Noticed Crazy Yiuf
  6361 | D:7      | Killed Crazy Yiuf
  6466 | D:8      | Noticed Erica
  6747 | D:8      | Killed Erica
  6748 | D:8      | Reached skill level 11 in Spellcasting
  7602 | D:9      | Noticed a two-headed ogre
  7603 | D:9      | Reached XP level 10. HP: 50/50 MP: 21/27
  7617 | D:9      | Killed a two-headed ogre
  7886 | D:9      | Reached skill level 12 in Spellcasting
  7966 | D:9      | Found a staircase to the Lair.
  7976 | D:9      | Offered knowledge of Sandblast by Vehumet.
  8005 | D:9      | Reached ** piety under Vehumet
  8352 | D:9      | Found a blossoming altar of Fedhas.
  8576 | D:9      | Noticed a skeletal warrior
  8595 | D:9      | Killed a skeletal warrior
  8650 | D:9      | Noticed a two-headed ogre
  8656 | D:9      | Killed a two-headed ogre
  8657 | D:9      | Reached skill level 13 in Spellcasting
  8657 | D:9      | Reached skill level 5 in Earth Magic
  8679 | D:9      | Found an ornate altar of the Wu Jian Council.
  8687 | D:9      | Found a glowing golden altar of the Shining One.
  8690 | D:9      | Found a hide-covered altar of Uskayaw.
  8900 | D:9      | Found the +5 scythe "Finisher" {speed, eviscerate}
  9006 | D:9      | Found a stormy altar of Qazlal.
  9109 | D:10     | Entered Level 10 of the Dungeon
  9148 | D:10     | Noticed a two-headed ogre
  9158 | D:10     | Killed a two-headed ogre
  9159 | D:10     | Reached XP level 11. HP: 54/54 MP: 24/30
  9255 | D:10     | Found a shimmering altar of Xom.
  9561 | D:10     | Noticed a two-headed ogre
  9576 | D:10     | Killed a two-headed ogre
  9672 | D:10     | Found a staircase to the Orcish Mines.
  9718 | D:10     | Offered knowledge of Static Discharge by Vehumet.
  9905 | D:10     | Reached skill level 14 in Spellcasting
 10138 | D:10     | Reached *** piety under Vehumet
 10598 | D:11     | Noticed a seven-headed hydra
 10601 | D:11     | Noticed a boulder beetle
 10623 | D:11     | Killed a seven-headed hydra
 10888 | D:11     | Mangled by a boulder beetle

Illustrated notes

Levels and vault maps discovered:
D:1:      onia_arrival_pyramid, layout_rooms, hellmonk_ecumenical_altar_zigzags
D:2:      layout_loops_cross
D:3:      layout_basic, bloody_makhleb, minmay_pentomino_pile, uniq_ijyb
D:4:      layout_rooms, serial_shops, shop, shop_statue, shop, shop,
          uniq_sigmund, uniq_pikel
D:5:      layout_gridville, mainiacjoe_overflow_paths,
          kennysheep_orc_sif_temple, amcnicky_altar_gilded, serial_rivers,
          chequers_serial_rivers_room_a, chequers_serial_rivers_micro_a,
          chequers_serial_rivers_micro_a, chequers_serial_rivers_small_3,
          chequers_serial_rivers_room_b, serial_shops, shop,
          ebering_ghost_sewer_f, uniq_menkaure
D:6:      layout_rooms, minmay_temple_entry_statues_pillars
D:7:      layout_loops_ring, lemuel_tele_altar, elyvilon_altar_3,
          enter_bailey_5, chequers_serial_rivers_small_3,
          minmay_misc_feat_nine_boxes, nicolae_benzene_ring, glass_columns_a,
          minmay_misc_feat_more_columns, uniq_crazy_yiuf_cottage
D:8:      layout_rooms, uniq_erica
D:9:      layout_roguey, fedhas_ov_isle_minmay, minitemple,
          nicolae_overflow_crystal_walls, erik_lair_island,
          minmay_guarded_unrand_finisher
D:10:     layout_roguey, led_xom_imps, zombieorc1_lemuel
D:11:     layout_basic
Temple:   eino_wide_crystal_templ

Skill      XL: |  1  2  3  4  5  6  7  8  9 10 11 |
---------------+----------------------------------+-----
Conjurations   | 5 6 7 8 9 10 12 13 | 13.2
Spellcasting   | 4 5 6 7 9 11 13 14 | 14.7
Translocations | 1 2 3 4 6 7 |  7.5
Hexes          | 3 |  3.6
Earth Magic    | 3 5 6 |  6.6
Dodging        | |  2.4
Stealth        | |  2.4

Action                   |  1- 3 |  4- 6 |  7- 9 | 10-12 || total
-------------------------+-------+-------+-------+-------++-------
Melee: Staff             |     9 |       |       |       ||     9
       Dagger            |       |     1 |       |     1 ||     2
 Cast: Magic Dart        |    91 |    33 |    69 |   146 ||   339
       Searing Ray       |     2 |     8 |    41 |    48 ||    99
       Iskenderun's Myst |       |       |     4 |    29 ||    33
       Fulminant Prism   |       |       |     8 |    17 ||    25
       Iron Shot         |       |       |       |     1 ||     1
  Use: Scroll            |     7 |     1 |     4 |     1 ||    13
       Potion            |       |       |     2 |       ||     2
Armor: Robe              |     4 |     3 |     7 |     2 ||    16
       Steam dragon scal |       |       |       |    24 ||    24
Dodge: Dodged            |    11 |     5 |    18 |    58 ||    92
